 Dungeon Crawl Stone Soup version 0.31-a0-303-gdc8c9485ea (webtiles) character file.

Game seed: 1913757110430128169

631 porpoise the Skirmisher (level 7, -2/44 HPs)
             Began as a Tengu Hunter on July 17, 2023.
             Slain by Edmund
             ... wielding a +3 antimagic dire flail
              (6 damage)
             ... on level 4 of the Dungeon.
             The game lasted 00:09:36 (3266 turns).

porpoise the Skirmisher (Tengu Hunter)              Turns: 3266, Time: 00:09:36

Health: -2/44      AC:  4    Str: 11    XL:     7   Next: 48%
Magic:  0/8        EV: 14    Int:  9    God:
Gold:   203        SH:  0    Dex: 20    Spells: 6/6 levels left

rFire   . . .        a - +0 shortbow
rCold   . . .        (shield currently unavailable)
rNeg    . . .        c - +0 leather armour
rPois   .            (helmet restricted)
rElec   .            l - +0 cloak
rCorr   .            (no gloves)
SInv    .            (boots unavailable)
Will    +....        (no amulet)
Stlth   ++           w - ring of willpower
HPRegen 0.27/turn    (no ring)
MPRegen 0.11/turn

%: no passive effects
@: flying quickly and evasively, hasted, very quick
A: beak, talons 3, nimble flight
a: no special abilities


You were on level 4 of the Dungeon.
You visited 1 branch of the dungeon, and saw 4 of its levels.

You collected 203 gold pieces.

Inventory:

Hand Weapons
 a - a +0 shortbow (weapon)
 b - a +0 dagger of venom
Missiles
 f - 19 poisoned darts
 v - a throwing net
Armour
 c - a +0 leather armour (worn)
 l - a +0 cloak (worn)
Magical Staves
 u - a staff of air
Jewellery
 w - a ring of willpower (left hand)
Talismans
 m - a blade talisman
Scrolls
 e - 2 scrolls of teleportation {unknown}
 g - a scroll of fear {unknown}
 h - a scroll of poison
 i - a scroll of vulnerability {unknown}
 k - a scroll of enchant armour {unknown}
 p - a scroll of butterflies
 q - a scroll of blinking
 r - a scroll of amnesia
 t - a scroll of enchant weapon {unknown}
Potions
 d - a potion of degeneration {unknown}
 j - a potion of berserk rage {unknown}
 n - a potion of heal wounds {unknown}
 o - a potion of curing {unknown}
 s - a potion of haste


   Skills:
 + Level 4.9 Fighting
 * Level 8.3 Ranged Weapons
 - Level 2.1 Dodging
 - Level 1.0 Stealth


You had 6 spell levels left.
You didn't know any spells.
Your spell library contained the following spells:

 Spells                   Type           Power      Damage    Failure   Level
 Wereblood                Tmut           0%         N/A       63%         2
 Tukima's Dance           Hex            0%         N/A       85%         3
 Passage of Golubria      Tloc           0%         N/A       99%         4
 Irradiate                Conj/Tmut      0%         3d11      100%        5
 Yara's Violent Unravell  Hex/Tmut       0%         3d3       100%        5


Dungeon Overview and Level Annotations

Branches:
Dungeon (4/15)
 Temple: D:4-7

Altars:

Annotations:
D:4 Edmund


Innate Abilities, Weirdness & Mutations

You have a beak for a mouth.
You have claws for feet.
Your magical nature lets you fly swiftly and evasively.


Message History

Edmund moves out of view.
You see here a +0 robe of willpower.
You shoot an arrow. The arrow hits Edmund.
Edmund is lightly wounded.
Edmund closely misses you.
You shoot an arrow.
The arrow hits Edmund but does no damage.
Edmund is lightly wounded.
Edmund hits you with a +3 antimagic dire flail.
You shoot an arrow. The arrow hits Edmund!
Edmund is moderately wounded.
Edmund hits you with a +3 antimagic dire flail!
You feel your power leaking away.
You shoot an arrow. The arrow hits Edmund.
Edmund is heavily wounded.
Edmund closely misses you.
You shoot an arrow. The arrow barely misses Edmund.
Edmund hits you with a +3 antimagic dire flail.
You feel your power leaking away.
You shoot an arrow.
The arrow hits Edmund but does no damage.
Edmund is heavily wounded.
Edmund hits you with a +3 antimagic dire flail.
You feel your power leaking away.
You shoot an arrow. The arrow hits Edmund!
Edmund is severely wounded.
Edmund closely misses you.
You shoot an arrow. The arrow barely misses Edmund.
Edmund barely misses you.
You shoot an arrow.
The arrow hits Edmund but does no damage.
Edmund is severely wounded.
Edmund hits you with a +3 antimagic dire flail!
* * * LOW HITPOINT WARNING * * *
You shoot an arrow. The arrow hits Edmund.
Edmund is severely wounded.
Edmund hits you with a +3 antimagic dire flail.
* * * LOW HITPOINT WARNING * * *
It was a potion of haste.
You feel yourself speed up.
Edmund hits you with a +3 antimagic dire flail.
You die...

####### ##### #.....
...# .... ...#
###.######..# ##
##[#.........#
#...#..........@##
#......)........@#
#########..#######
..................
..#####..........###
##............
##..###.#####.#
##.##....# #.#
#..#.....#####.#####
..##.####.#.........#


You could see Edmund.

Vanquished Creatures
  Sigmund (D:4)
  A scorpion (D:4)
  A jelly (D:3)
  A gnoll bouda (D:4)
  An orc priest (D:4)
  A hound (D:4)
  Jessica (D:3)
  Natasha (thrice) (D:2)
  An orc wizard (D:4)
  Robin (D:2)
  3 gnolls (D:4)
  4 adders (D:2)
  An ufetubus (D:3)
  A worm (D:3)
  2 dart slugs
  9 orcs
  6 ball pythons
  6 endoplasms
  3 giant cockroaches
  13 goblins
  10 hobgoblins
  4 jackals (D:1)
  3 quokkas
  5 bats
  8 kobolds
  A rat (D:1)
91 creatures vanquished.

Notes
Turn   | Place    | Note
-------+----------+-------------------------------------------
     0 | D:1      | porpoise the Tengu Hunter began the quest for the Orb.
     0 | D:1      | Reached XP level 1. HP: 12/12 MP: 2/2
    81 | D:1      | Reached XP level 2. HP: 17/17 MP: 3/3
   240 | D:1      | Reached skill level 5 in Ranged Weapons
   422 | D:2      | Reached XP level 3. HP: 22/22 MP: 4/4
   590 | D:2      | Noticed Natasha
   602 | D:2      | Killed Natasha
   603 | D:2      | Reached XP level 4. HP: 19/28 MP: 5/5
   727 | D:2      | Noticed Natasha
   732 | D:2      | Killed Natasha
   733 | D:2      | Reached skill level 6 in Ranged Weapons
   792 | D:2      | Gained mutation: Your magical nature lets you fly swiftly
                  | and evasively. [Tengu growth]
   792 | D:2      | Reached XP level 5. HP: 30/32 MP: 6/6
  1084 | D:2      | Noticed Robin
  1096 | D:2      | Killed Robin
  1191 | D:2      | Noticed Natasha
  1196 | D:2      | Killed Natasha
  1777 | D:3      | Noticed Jessica
  1778 | D:3      | Killed Jessica
  1779 | D:3      | Reached XP level 6. HP: 38/38 MP: 7/7
  1893 | D:3      | Reached skill level 7 in Ranged Weapons
  2919 | D:4      | Reached XP level 7. HP: 35/44 MP: 8/8
  3135 | D:4      | Noticed Sigmund
  3142 | D:4      | Killed Sigmund
  3143 | D:4      | Reached skill level 8 in Ranged Weapons
  3252 | D:4      | Noticed Edmund
  3266 | D:4      | Slain by Edmund

Illustrated notes

Levels and vault maps discovered:
D:1:      psy_arrival_basics, layout_rooms, chequers_garden, minmay_pentomino_p2
D:2:      layout_basic, uniq_natasha, uniq_robin
D:3:      layout_basic, guppyfry_early_orc_mine, uniq_jessica
D:4:      layout_loops_ring, mainiacjoe_overflow_alcove_4,
          gammafunk_temple_overflow_pools, st_stairs_3,
          hangedman_abyss_or_decor_stabs, minivault_27,
          sigmund_edmund_badplayer, uniq_duvessa

Skill      XL: |  1  2  3  4  5  6  7 |
---------------+----------------------+-----
Ranged Weapons | 5 6 7 8 |  8.3
Fighting       | 3 4 |  4.9
Dodging        | |  2.1
Stealth        | |  1.0

Action                     |  1- 3 |  4- 6 |  7- 9 || total
---------------------------+-------+-------+-------++-------
   Fire: Shortbow          |    93 |   198 |    28 ||   319
    Use: Scroll            |       |     3 |       ||     3
         Potion            |       |       |     1 ||     1
 Armour: Leather armour    |    12 |    15 |     3 ||    30
  Dodge: Dodged            |    33 |    45 |     8 ||    86

Table legend: (Time is in decaauts)
 A = Elapsed time spent in this place.
 B = Non-inter-level travel time spent in this place.
 C = Inter-level travel time spent in this place.
 D = Time resting spent in this place.
 E = Time spent auto-exploring this place.
 F = Levels seen in this place.
 G = Mean time per level.
                   A        B        C        D        E       F      G
               +--------+--------+--------+--------+--------+-----+--------+
         Total |   3182 |   3142 |     40 |    915 |   1616 |   4 |  795.5 |
       Dungeon |   3182 |   3142 |     40 |    915 |   1616 |   4 |  795.5 |
               +--------+--------+--------+--------+--------+-----+--------+

Top non-repeatable levels by time:
     D:3: 1026 daAuts
     D:2: 910 daAuts
     D:4: 820 daAuts
     D:1: 425 daAuts
